 Dungeon Crawl Stone Soup version 0.29.1-1-gd02db6906a (console) character file.

Game seed: 9468885924374843324

133 om the Poker (level 5, -2/41 HPs)
             Began as a Merfolk Gladiator on Oct 11, 2022.
             Was a Follower of Sif Muna.
             Slain by an orc wizard
             ... wielding a +0 dagger
              (4 damage)
             ... on level 3 of the Dungeon.
             The game lasted 00:04:03 (2871 turns).

om the Poker (Merfolk Gladiator)                    Turns: 2871, Time: 00:04:04

Health: -2/41      AC:  8    Str: 16    XL:     5   Next: 16%
Magic:  5/5        EV: 12    Int:  8    God:    Sif Muna [*.....]
Gold:   231        SH:  0    Dex: 15    Spells: 4/4 levels left

rFire   . . .      SeeInvis .   a - +0 trident
rCold   . . .      Faith    .   (no shield)
rNeg    + . .      Spirit   .   o - +1 ring mail {rN+}
rPois   .          Reflect  .   c - +0 helmet
rElec   .          Harm     .   (no cloak)
rCorr   .          Rampage  .   (no gloves)
Will    .....                   m - +0 pair of boots
Stlth   +.........              (no amulet)
HPRegen 0.13/turn               (no ring)
MPRegen 0.09/turn               (no ring)

@: no status effects
A: (nimble swimmer 2), mertail
a: Renounce Religion, Channel Magic


You were on level 3 of the Dungeon.
You worshipped Sif Muna.
Sif Muna was aware of your devotion.
You visited 1 branch of the dungeon, and saw 3 of its levels.

You collected 231 gold pieces.

Inventory:

Hand Weapons
 a - a +0 trident (weapon)
Missiles
 d - 3 throwing nets (quivered)
 e - 3 javelins
Armour
 b - a +0 leather armour
 c - a +0 helmet (worn)
 m - a +0 pair of boots (worn)
 o - a +1 ring mail of positive energy (worn)
Scrolls
 i - 3 scrolls of fear
 l - a scroll of teleportation
 p - a scroll of magic mapping {unknown}
Potions
 f - a potion of cancellation {unknown}
 g - a potion of berserk rage {unknown}
 h - 2 potions of curing
 j - a potion of ambrosia {unknown}
 k - a potion of resistance
 n - 4 potions of brilliance {unknown}


   Skills:
 - Level 3.0 Fighting
 * Level 6.4 Polearms
 - Level 2.0 Throwing
 - Level 5.0 Dodging


You had 4 spell levels left.
You didn't know any spells.
Your spell library contained the following spells:

 Spells                   Type           Power      Damage    Failure   Level
 Sublimation of Blood     Necr           0%         N/A       77%         2
 Wereblood                Tmut           0%         N/A       77%         2
 Summon Hydra             Summ           0%         N/A       100%        7


Dungeon Overview and Level Annotations

Branches:
Dungeon (3/15)

Altars:
Sif Muna
Vehumet


Innate Abilities, Weirdness & Mutations

((You are very nimble when in or above water. (Stealth+, EV+, Speed+++)))
Your lower body shifts to a powerful aquatic tail in water.


Message History

Something hits you but does no damage.
You barely miss something. The orc hits you but does no damage.
You hear some strange, mumbled words.
A puff of flame appears from out of thin air!
The puff of flame hits you.
You bump into the rock wall.
The orc barely misses you. Something hits you.
You closely miss the orc.
The orc is moderately wounded.
The orc hits you but does no damage.
You hear some strange, mumbled words.
You are more confused.
You closely miss something. Something hits you but does no damage.
The orc hits you but does no damage.
You barely miss something. The orc hits you but does no damage.
Something hits you but does no damage.
You puncture the orc!
You kill the orc!
Sif Muna accepts your kill.
You hear some strange, mumbled words.
A puff of flame appears from out of thin air!
The puff of flame hits you.
* * * LOW HITPOINT WARNING * * *
There is an open door here.
Something hits you but does no damage.
Things that are here:
a +0 short sword; 2 boomerangs; a +1 ring mail of willpower You miss something.
You hear some strange, mumbled words.
Something tries to affect you, but you resist.
You bump into the rock wall.
You hear some strange, mumbled words.
A puff of flame appears from out of thin air!
The puff of flame hits you!
* * * LOW HITPOINT WARNING * * *
You miss something.
You feel less confused. Something hits you.
* * * LOW HITPOINT WARNING * * *
You hit something but do no damage. Something hits you.
You die...

########## #.#
#........# #.#
#........# #.#
#.[♣♣♣♣..### #.#
#..♣ ♣..'.###.#
#..♣ ♣..'..##.#
###..♣♣♣♣..##.##)#
..#....)...#...#{#
###........#...'@#
..##########...###
......##.......#
......#####.####
......#####.#
......'.....#
......#######
....†.# #####.#


There were no monsters in sight!

Vanquished Creatures
  An orc wizard (D:3)
  3 adders
  3 worms
  2 dart slugs (D:1)
  An orc (D:3)
  10 ball pythons
  10 bats
  3 endoplasms
  3 giant cockroaches
  5 goblins
  6 hobgoblins
  5 quokkas
  5 frilled lizards
  8 kobolds
  2 rats (D:2)
67 creatures vanquished.

Vanquished Creatures (others)
  2 plants (D:2)
  5 toadstools (D:1)
7 creatures vanquished.

Grand Total: 74 creatures vanquished

Notes
Turn   | Place    | Note
-------+----------+-------------------------------------------
     0 | D:1      | om the Merfolk Gladiator began the quest for the Orb.
     0 | D:1      | Reached XP level 1. HP: 16/16 MP: 1/1
   228 | D:1      | Reached XP level 2. HP: 23/23 MP: 2/2
   635 | D:1      | Reached XP level 3. HP: 28/28 MP: 3/3
   876 | D:2      | Noticed a great orb of eyes
   903 | D:2      | Reached skill level 5 in Polearms
  1016 | D:2      | Found a faded altar of an unknown god.
  1019 | D:2      | Noticed a golden eye
  1019 | D:2      | Noticed a great orb of eyes
  1019 | D:2      | Noticed a shining eye
  1028 | D:2      | Prayed at the altar of an unknown god.
  1028 | D:2      | Became a worshipper of Sif Muna the Loreminder
  1028 | D:2      | Reached * piety under Sif Muna
  1402 | D:2      | Reached XP level 4. HP: 33/35 MP: 4/4
  1472 | D:2      | HP: 1/35 [worm (9)]
  1824 | D:2      | Identified the +10 whip of Rareoreps {venom, rN+}
  2308 | D:3      | Found a radiant altar of Vehumet.
  2507 | D:3      | Reached skill level 5 in Dodging
  2786 | D:3      | Reached skill level 6 in Polearms
  2834 | D:3      | Reached XP level 5. HP: 30/41 MP: 5/5
  2870 | D:3      | HP: 2/41 [something (1)]
  2871 | D:3      | Slain by an orc wizard

Illustrated notes

Levels and vault maps discovered:
D:1:      ldierk_walled_garden, layout_rooms
D:2:      layout_rooms, hellmonk_ecumenical_altar_watching_god,
          serial_bayou_lagoon_a
D:3:      layout_basic, mainiacjoe_overflow_alcove_2, kennysheep_generic_room_6

Skill      XL: |  1  2  3  4 |
---------------+-------------+-----
Polearms       | 5 6 |  6.4
Fighting       | 3 |  3.0
Dodging        | 5 |  5.0
Throwing       | |  2.0

Action                   |  1- 3 |  4- 6 || total
-------------------------+-------+-------++-------
Melee: Trident           |   122 |   121 ||   243
       Punch             |     2 |       ||     2
  Use: Scroll            |     3 |     1 ||     4
 Stab: Sleeping          |     2 |     1 ||     3
Armor: Leather armour    |    59 |    18 ||    77
       Ring mail         |       |    42 ||    42
Dodge: Dodged            |    79 |    68 ||   147
